 Dungeon Crawl Stone Soup version 0.18-a0-1730-g73f0523 (webtiles) character file.

43507 4thArraOfDagon the Severer (level 14, -3/193 HPs)
             Began as a Hill Orc Berserker on Apr 10, 2016.
             Was a High Priest of Trog.
             Slain by Maud
             ... wielding a +5 broad axe
              (28 damage)
             ... on level 3 of the Lair of Beasts.
             The game lasted 00:34:53 (5845 turns).

4thArraOfDagon the Severer (Hill Orc Berserker)     Turns: 5845, Time: 00:34:54

Health: -3/193     AC: 24    Str: 32    XL:     14   Next: 24%
Magic:  18/18      EV: 13    Int:  7    God:    Trog [*****.]
Gold:   298        SH:  0    Dex: 12    Spells: 0 memorised, 13 levels left

rFire  + . .     SeeInvis .     R - +4 executioner's axe (vamp)
rCold  . . .     Gourm    .     S - +7 plate armour "Vuefanku" {Str+2}
rNeg   + . .     Faith    .     (shield currently unavailable)
rPois  .         Spirit   .     (helmet restricted)
rElec  .         Dismiss  .     B - +0 cloak
rCorr  .         Reflect  .     (no gloves)
SustAt .         Harm     .     (no boots)
MR     +....     Rnd*Tele +     (no amulet)
Stlth  ..........               h - ring of positive energy
                                f - +4 ring of evasion

@: berserking, very quick, somewhat resistant to hostile enchantments, extremely
unstealthy
A: antennae 1, agile 1, fire resistance 1, teleportitis 1, wild magic 1
a: Berserk, Trog's Hand, Brothers in Arms, Burn Spellbooks, Renounce Religion


You were on level 3 of the Lair of Beasts.
You worshipped Trog.
Trog was extremely pleased with you.
You were hungry.

You visited 3 branches of the dungeon, and saw 20 of its levels.
You also visited: Ice Cave and Volcano.

You collected 1463 gold pieces.
You spent 1165 gold pieces at shops.

Inventory:

Hand Weapons
 r - a +0 vampiric hand axe
 A - a +3 battleaxe
 K - a +1 battleaxe of chopping
 Q - a +2 battleaxe of electrocution
 R - a +4 vampiric executioner's axe (weapon)
 T - the +8 battleaxe of the Wraith {elec, +Blink rC+ Int-4, unknown}
   (You bought it in a shop on level 2 of the Orcish Mines)

   Occasionally, upon striking a foe, it will discharge some electrical energy
   and cause terrible harm.
   It affects your intelligence (-4).
   It protects you from cold.
   It lets you blink.
Missiles
 t - 7 steel javelins (quivered)
 x - 4 tomahawks of dispersal
Armour
 B - a +0 cloak (worn)
 H - a +2 helmet
 O - a troll hide
 S - the +7 plate armour "Vuefanku" (worn) {Str+2}
   (You bought it in a shop on level 2 of the Orcish Mines)

   It affects your strength (+2).
Jewellery
 b - an uncursed ring of stealth
 f - a +4 ring of evasion (left hand)
 h - a ring of positive energy (right hand)
 n - an uncursed ring of fire
 o - an uncursed ring of fire
Wands
 P - a wand of random effects (21/48)
 V - a wand of digging (6/24)
Scrolls
 e - 2 scrolls of enchant armour {unknown}
 g - 2 scrolls of recharging {unknown}
 i - 4 scrolls of amnesia {unknown}
 l - a scroll of noise {unknown}
 p - a scroll of random uselessness {unknown}
 y - 5 scrolls of fog
 z - 2 scrolls of remove curse
 C - a scroll of blinking {unknown}
 F - a scroll of brand weapon {unknown}
 G - 2 scrolls of fear {unknown}
 X - a scroll of teleportation
Potions
 a - 2 potions of flight
 d - a potion of degeneration {unknown}
 k - a potion of cure mutation
 m - 3 potions of heal wounds
 q - 3 potions of curing
 u - 2 potions of haste
 v - 2 potions of might
 w - a potion of invisibility
 I - a potion of lignification
 J - a potion of agility {unknown}
 M - a potion of mutation {unknown}
 N - a potion of brilliance {unknown}
 U - 3 potions of berserk rage
Books
 j - a book of Debilitation

   Spells                             Type                      Level
   a - Corona                         Hexes                        1
   b - Slow                           Hexes                        2
   c - Gell's Gravitas                Hexes/Translocation          3
   d - Inner Flame                    Hexes/Fire                   3
   e - Cause Fear                     Hexes                        4
   f - Leda's Liquefaction            Hexes/Earth                  4
   Trog disapproves of the use of such an item.
Miscellaneous
 D - a phantom mirror
 L - a lamp of fire
Comestibles
 c - 6 bread rations
 s - 12 fruits
 E - 3 meat rations
 W - a beef jerky


   Skills:
 - Level 13.2 Fighting
 * Level 20.5 Axes
 + Level 13.2 Armour
 - Level 1.5 Dodging
 + Level 5.8 Evocations


You had 13 spell levels left.
You didn't know any spells.

Dungeon Overview and Level Annotations

Branches:
Dungeon (15/15)              Lair (3/8) D:9             Orc (2/2) D:11
    Elf (0/3) Orc:2
 Temple: D:4-7        Swamp: Lair:3-6    Shoals: Lair:3-6     Snake: Lair:3-6
 Spider: Lair:3-6    Vaults: D:13-14     Depths: D:15

Altars:
Dithmenos
Qazlal
Yredelemnul
Beogh

Shops:
Orc:2 %([=*

Annotations:
Lair:3 Maud
Orc:1 Nergalle


Innate Abilities, Weirdness & Mutations

You have a pair of small antennae on your head.
You are agile. (Dex +2)
Your flesh is heat resistant.
You are occasionally teleported next to monsters.
Your spells are a little harder to cast, but a little more powerful.


Message History

The blink frog hits you!
* * * LOW HITPOINT WARNING * * *
A blink frog comes into view.
The blink frog croaks.
You slash Maud!
You feel better.
Maud is severely wounded.
You slice the blink frog!!
You feel better.
You kill the blink frog!
Trog accepts your kill.
The blink frog gestures.
The blink frog blinks!
Maud hits you with an enchanted broad axe!!!
* * * LOW HITPOINT WARNING * * *
You closely miss Maud.
Maud is severely wounded.
Unknown command.
You barely miss Maud.
Maud is severely wounded.
Maud hits you with an enchanted broad axe!!
You die...

..................
..........<.......
......>...........
......†.†.........
......†...........
......†...........
................).
..................
.......†@†........
.?.......@.......
.......!........
................
................
................
........?.......
...§..........(


You could see Maud (berserk).

Vanquished Creatures
  Frances (D:13)
  Gastronok (Lair:1)
  An orc warlord (Orc:2)
  2 hydras
  A centaur warrior (D:13)
  A death knight (D:12)
  A tengu warrior (D:10)
  2 orc high priests
  Urug (D:13)
  The ghost of ilikecats the Slinger, a journeyman SpHu of Gozag (Lair:1)
  4 hill giants
  A wizard (D:13)
  9 ugly things (D:14)
  7 orc knights
  2 cyclopes
  3 orc sorcerers
  A large abomination (D:13)
  A black mamba (Lair:2)
  2 centaur zombies
  A torpor snail (Lair:3)
  5 spiny frogs
  3 komodo dragons
  A redback zombie (D:14)
  8 trolls
  A polar bear (Lair:2)
  3 two-headed ogres
  5 blink frogs
  4 slime creatures (D:14)
  A spriggan (Lair:2)
  A vampire (D:11)
  14 yaks
  2 small abominations (D:13)
  2 hungry ghosts
  5 wargs
  3 hippogriffs
  A soldier ant (D:12)
  2 hell hounds (Lair:2)
  2 porcupines
  A black bear (Lair:2)
  6 ice beasts (IceCv)
  28 orc warriors
  3 sky beasts
  A wasp (D:11)
  2 phantoms (D:11)
  9 ogres
  3 wolves (Lair:2)
  10 centaurs
  2 big kobolds
  10 crocodiles
  7 giant frogs
  A wyvern zombie (D:9)
  2 scorpions
  A wyvern skeleton (D:9)
  2 troll zombies (D:11)
  3 killer bees
  9 wights
  5 howler monkeys
  3 crimson imps
  2 giant frog zombies
  2 quasits
  3 centaur skeletons
  10 orc priests
  A giant frog skeleton (D:11)
  4 hounds
  2 jellies
  26 orc wizards
  6 iguanas
  4 worker ants
  4 ogre zombies (D:11)
  A howler monkey zombie (D:11)
  2 worker ant zombies
  3 gnolls (D:6)
  11 adders
  9 river rats
  3 shadow imps
  12 white imps (Orc:2)
  An ooze (D:2)
  3 giant geckos
  59 orcs
  A ball python (D:3)
  10 bats
  3 giant cockroaches (D:3)
  A hobgoblin (D:3)
  7 jackals (D:3)
  3 quokkas
  2 goblin skeletons (D:11)
  A goblin zombie (D:11)
  2 hobgoblin skeletons (D:11)
  5 kobolds
  3 orc skeletons (D:11)
  9 orc zombies (D:11)
  A quokka zombie (D:9)
  7 rats (D:9)
  2 fungi (D:9)
439 creatures vanquished.

Vanquished Creatures (collateral kills)
  A plant (Lair:1)
1 creature vanquished.

Vanquished Creatures (others)
  A plant (D:9)
1 creature vanquished.

Grand Total: 441 creatures vanquished

Notes
Turn   | Place    | Note
--------------------------------------------------------------
     0 | D:1      | 4thArraOfDagon the Hill Orc Berserker began the quest for the Orb.
     0 | D:1      | Reached XP level 1. HP: 19/19 MP: 1/1
    16 | D:1      | You fall through a shaft!
    65 | D:2      | Found a shadowy altar of Dithmenos.
    76 | D:3      | Reached XP level 2. HP: 10/27 MP: 2/2
   114 | D:3      | Reached skill level 5 in Axes
   114 | D:3      | Reached XP level 3. HP: 15/33 MP: 3/3
   215 | D:3      | Reached XP level 4. HP: 26/40 MP: 4/4
   220 | D:3      | Reached ** piety under Trog
   353 | D:4      | Reached skill level 6 in Axes
   353 | D:4      | Reached XP level 5. HP: 47/47 MP: 5/5
   361 | D:4      | Reached XP level 6. HP: 55/55 MP: 6/6
   463 | D:5      | Entered Level 5 of the Dungeon
   551 | D:6      | Reached skill level 7 in Axes
   553 | D:6      | Reached skill level 5 in Fighting
   567 | D:6      | Noticed a sky beast
   612 | D:6      | Killed a sky beast
   620 | D:6      | Gained mutation: You are occasionally teleported next to monsters. [mutagenic meat]
   621 | D:6      | Gained mutation: You are resistant to hostile enchantments. [mutagenic meat]
   646 | D:6      | Reached XP level 7. HP: 19/61 MP: 7/7
   719 | D:8      | Reached skill level 8 in Axes
   900 | D:9      | Reached skill level 5 in Armour
   916 | D:9      | Noticed a two-headed ogre
   933 | D:9      | Killed a two-headed ogre
   933 | D:9      | Reached skill level 9 in Axes
   933 | D:9      | Reached XP level 8. HP: 43/70 MP: 8/8
   974 | D:8      | Reached *** piety under Trog
   990 | D:8      | Reached skill level 10 in Axes
  1225 | D:9      | Reached XP level 9. HP: 79/79 MP: 9/9
  1239 | D:9      | Found a staircase to the Lair.
  1303 | D:10     | Entered Level 10 of the Dungeon
  1336 | D:11     | Found a stormy altar of Qazlal.
  1361 | D:10     | Reached skill level 11 in Axes
  1486 | D:10     | Noticed a troll
  1621 | D:10     | Noticed a tengu warrior
  1643 | D:10     | Killed a tengu warrior
  1643 | D:10     | Reached skill level 12 in Axes
  1987 | D:11     | Reached **** piety under Trog
  1995 | D:11     | Reached skill level 13 in Axes
  1995 | D:11     | Reached XP level 10. HP: 91/91 MP: 10/10
  2140 | D:12     | Noticed a hill giant
  2157 | D:12     | Killed a hill giant
  2201 | D:12     | Noticed a death knight
  2206 | D:12     | Found a basalt altar of Yredelemnul.
  2243 | D:12     | Killed a death knight
  2243 | D:12     | Reached skill level 14 in Axes
  2341 | D:12     | Noticed a hill giant
  2372 | D:12     | Reached skill level 10 in Fighting
  2375 | D:12     | Noticed a six-headed hydra
  2554 | D:13     | Noticed a centaur warrior
  2592 | D:13     | Killed a centaur warrior
  2592 | D:13     | Reached skill level 15 in Axes
  2592 | D:13     | Reached XP level 11. HP: 75/101 MP: 11/11
  2659 | D:13     | Noticed Frances
  2662 | D:13     | Noticed a soul eater
  2766 | D:14     | Noticed a hill giant
  2777 | D:14     | Killed a hill giant
  2836 | D:14     | Noticed a purple ugly thing
  2837 | D:14     | Noticed a purple ugly thing
  2838 | D:14     | Noticed a white ugly thing
  2839 | D:14     | Noticed a purple ugly thing
  2839 | D:14     | Noticed a white ugly thing
  2840 | D:14     | Noticed a white ugly thing
  2841 | D:14     | Noticed a white ugly thing
  2846 | D:14     | Noticed a white ugly thing
  2847 | D:14     | Noticed a white ugly thing
  2858 | D:14     | Killed a purple ugly thing
  2858 | D:14     | Reached skill level 10 in Armour
  2864 | D:14     | Killed a purple ugly thing
  2869 | D:14     | Killed a cyan ugly thing
  2869 | D:14     | Reached skill level 16 in Axes
  2870 | D:14     | Killed a purple ugly thing
  2872 | D:14     | Killed a white ugly thing
  2873 | D:14     | Killed a white ugly thing
  2874 | D:14     | Killed a white ugly thing
  2878 | D:14     | Killed a white ugly thing
  2887 | D:14     | Killed a white ugly thing
  2887 | D:14     | Reached XP level 12. HP: 110/110 MP: 12/12
  2900 | D:14     | Gained mutation: You are sometimes teleported next to monsters. [mutagenic meat]
  2901 | D:14     | Lost mutation: You are sometimes teleported next to monsters. [mutagenic meat]
  2902 | D:14     | Lost mutation: You are resistant to hostile enchantments. [mutagenic meat]
  2903 | D:14     | Gained mutation: Your flesh is heat resistant. [mutagenic meat]
  2904 | D:14     | Gained mutation: You have a pair of small antennae on your head. [mutagenic meat]
  2905 | D:14     | Gained mutation: Your spells are a little harder to cast, but a little more powerful. [mutagenic meat]
  2908 | D:14     | Gained mutation: You are agile. (Dex +2) [mutagenic meat]
  2942 | D:15     | Entered Level 15 of the Dungeon
  2994 | D:15     | Reached ***** piety under Trog
  3071 | D:13     | Noticed Urug
  3101 | D:13     | Killed Urug
  3101 | D:13     | Reached skill level 17 in Axes
  3330 | D:13     | Killed Frances
  3885 | D:9      | Reached skill level 18 in Axes
  4175 | D:11     | Noticed a five-headed hydra
  4199 | D:11     | Killed a ten-headed hydra
  4287 | D:11     | Found a staircase to the Orcish Mines.
  4330 | Orc:1    | Entered Level 1 of the Orcish Mines
  4359 | Orc:1    | Noticed an orc high priest
  4368 | Orc:1    | Killed an orc high priest
  4368 | Orc:1    | Reached skill level 1 in Evocations
  4388 | Orc:1    | Reached XP level 13. HP: 57/119 MP: 13/13
  4442 | Orc:1    | Received a gift from Trog
  4448 | Orc:1    | HP: 7/183 [warg[an orc knight] (6)]
  4464 | Orc:1    | Noticed Nergalle
  4495 | Orc:2    | Entered Level 2 of the Orcish Mines
  4495 | Orc:2    | Found a frozen archway.
  4512 | IceCv    | Entered an ice cave
  4659 | Orc:2    | Received a gift from Trog
  4706 | Orc:2    | Found Puufer's Food Shop.
  4720 | Orc:2    | Reached skill level 19 in Axes
  4762 | Orc:2    | Found a roughly hewn altar of Beogh.
  4763 | Orc:2    | Noticed an orc warlord
  4776 | Orc:2    | Killed an orc warlord
  4781 | Orc:2    | Found Jiduufirig's Jewellery Emporium.
  4800 | Orc:2    | Found Soedimeu's Antique Weapon Emporium.
  4832 | Orc:2    | Found Zozil's Antique Armour Emporium.
  4840 | Orc:2    | Bought a twisted plate armour for 924 gold pieces
  4849 | Orc:2    | Found Gitt's General Store.
  4901 | Orc:2    | Bought a dazzling battleaxe for 241 gold pieces
  4912 | Orc:2    | Identified the +7 plate armour "Vuefanku" {Str+2} (You bought it in a shop on level 2 of the Orcish Mines)
  4940 | Orc:2    | Found a staircase to the Elven Halls.
  5232 | Lair:1   | Entered Level 1 of the Lair of Beasts
  5238 | Lair:1   | Noticed Gastronok
  5287 | Lair:1   | Noticed ilikecats's ghost (journeyman SpHu)
  5309 | Lair:1   | Killed Gastronok
  5369 | Lair:1   | Received a gift from Trog
  5369 | Lair:1   | Reached skill level 20 in Axes
  5372 | Lair:1   | Reached skill level 5 in Evocations
  5384 | Lair:1   | Reached XP level 14. HP: 123/129 MP: 17/17
  5436 | Lair:1   | Killed ilikecats's ghost
  5653 | Lair:2   | Found a dark tunnel.
  5670 | Volcano  | Entered a volcano
  5824 | Lair:3   | Noticed Maud
  5845 | Lair:3   | Slain by Maud

Vault maps used:
D:1:      scummos_arrival_hexagon
D:2:      kennysheep_goblin_castle, lemuel_coloured_pillars_altar,
          overflow_temple_1_default, first_bread, grunt_pakellas_salt
D:6:      temple_hall, uniq_blork_the_orc
D:7:      hangedman_abyss_or_decor_stagger
D:9:      grunt_lair_entry_orc_guard_hut
D:10:     grunt_tengu_nest, lemuel_statue_altar
D:11:     zombieorc1_lemuel, basic_altar
D:12:     basic_altar
D:13:     serial_park_tiny_2, laboratory, uniq_urug, uniq_frances
D:14:     david_vaults_5, kennysheep_small_spiral, uniq_rupert
D:15:     gammafunk_depths_entry_grave, serial_bayou_pond_b
Lair:1:   beast_lair_carwin_2, uniq_gastronok
Lair:2:   enter_volcano_3, small_statue_intersection,
          grunt_forest_stairs_clearing, lemuel_fruit_tree
Lair:3:   lemuel_oklob_altar, uniq_maud
Orc:1:    uniq_nergalle
Orc:2:    grunt_orc_cross, serial_shops, nicolae_shop_trees,
          portal_ice_cave_entry_imps
IceCv:    ice_cave_statue_garden_02
Volcano:  volcano_caves

Skill      XL: |  1  2  3  4  5  6  7  8  9 10 11 12 13 14 |
---------------+-------------------------------------------+-----
Fighting       | 4 5 6 7 9 10 11 12 13 | 13.2
Axes           | 5 6 7 9 10 13 15 16 18 20 | 20.5
Armour         | 3 4 5 6 7 9 10 11 12 13 | 13.2
Evocations     | 1 5 |  5.8
Dodging        | |  1.5

Action                   |  1- 3 |  4- 6 |  7- 9 | 10-12 | 13-15 || total
-------------------------+-------+-------+-------+-------+-------++-------
Melee: Hand axe          |    30 |   101 |   369 |   318 |       ||   818
       Battleaxe         |       |       |       |   196 |    63 ||   259
       Executioner's axe |       |       |       |       |   276 ||   276
Throw: Javelin           |       |       |     4 |       |       ||     4
Invok: Berserk           |     2 |     4 |    10 |    16 |     6 ||    38
       Trog's Hand       |       |     1 |     5 |     9 |     7 ||    22
       Brothers in Arms  |       |       |       |       |     2 ||     2
  Use: Scroll            |       |     4 |     2 |     7 |     3 ||    16
       Potion            |       |       |     1 |     1 |       ||     2
  Eat: Chunk             |       |     7 |    12 |    33 |    11 ||    63
       Fruit             |       |       |    16 |     4 |       ||    20
       Royal jelly       |       |       |     2 |       |       ||     2
       Pizza             |       |       |     1 |       |       ||     1
       Meat ration       |       |       |       |       |     1 ||     1
